AoeStats
← Moul_3asirLimoune

Black Forest

509781466Analyzed
4v4 RM · 5d ago on Sep 28, 2026· 56m 59s· 8 players
Game mode
Random Map
Map size
Large (8 player)
Population
200
Speed
Normal
Resources
Standard
Victory
Conquest
Starting age
Dark Age
Ending age
Imperial Age
RankedLock teamsTeams togetherTeam positionsShared explorationLock speedFull tech treeHidden civsTurbo modeCheats
Victory
Defeat
🇺🇸 Portuguese · United States
1237
+16
🇲🇦 Mongols · Morocco
1228
+16
🇨🇱 Sicilians · Chile
1216
+16
🇵🇪 Goths · Peru
1177
+19
🇲🇽 Varangians · Mexico
1259
-18
🇲🇽 Italians · Mexico
1237
-17
🇨🇳 Khmer · China
1207
-16
🇹🇷 Wei · Türkiye
1203
-16
Shell
11:17 Feudal Age
14:48 Castle Age
13:00 Double-Bit Axe
13:25 Horse Collar
14:15 Gold Mining
21:17 Wheelbarrow
21:15 Town Watch
24:51 Imperial Age
22:31 Stone Mining
31:53 Chemistry
31:07 Fletching
32:24 Fortified Wall
33:14 Bodkin Arrow
33:51 Bombard Tower
35:00 Bracer
38:27 Siege Engineers
Cuervo.AOE
12:16 Feudal Age
14:02 Double-Bit Axe
16:22 Castle Age
15:37 Horse Collar
16:13 Loom
18:11 Wheelbarrow
21:26 Town Watch
22:40 Bow Saw
24:17 Heavy Plow
30:24 Imperial Age
28:27 Hand Cart
29:26 Husbandry
29:36 Bloodlines
28:47 Light Cavalry
29:34 Scale Barding Armor
29:39 Forging
29:20 Fletching
30:08 Gold Mining
30:26 Caravan
31:12 Chain Barding Armor
31:06 Masonry
31:45 Crop Rotation
32:02 First Crusade
31:06 Cavalier
31:58 Squires
33:35 Chemistry
33:03 Conscription
32:25 Pikeman
34:00 Plate Barding Armor
34:42 Hauberk
35:50 Iron Casting
35:30 Scale Mail Armor
38:55 Blast Furnace
43:09 Chain Mail Armor
42:50 Bodkin Arrow
43:50 Halberdier
45:38 Plate Mail Armor
46:45 Bracer
47:06 Elite Serjeant
49:47 Ballistics
50:50 Murder Holes
51:34 Hoardings
51:23 Padded Archer Armor
51:12 Arson
Moul_3asirLimoune
0:51 Loom
8:55 Feudal Age
9:53 Man-at-Arms
15:15 Fletching
18:21 Double-Bit Axe
24:55 Castle Age
23:24 Horse Collar
27:11 Bow Saw
28:32 Bodkin Arrow
30:32 Wheelbarrow
31:25 Gold Mining
33:13 Gold Shaft Mining
35:54 Hand Cart
35:42 Heavy Plow
38:51 Imperial Age
36:56 Fishing Lines
38:54 Onager
40:58 Bracer
42:58 Siege Engineers
43:28 Conscription
43:28 Siege Onager
44:32 Padded Archer Armor
45:33 Chemistry
45:43 Drill
47:26 Scale Barding Armor
47:32 Forging
47:38 Leather Archer Armor
47:37 Stone Mining
47:29 Heavy Camel Rider
50:35 Stone Shaft Mining
50:37 Iron Casting
50:23 Chain Barding Armor
50:47 Capped Ram
53:39 Siege Ram
55:28 Blast Furnace
Mine Grote
12:57 Feudal Age
14:15 Double-Bit Axe
16:56 Castle Age
14:57 Fishing Lines
15:59 Wheelbarrow
19:18 Horse Collar
24:43 Bow Saw
25:18 Gillnets
25:41 Heavy Plow
26:34 Gold Mining
27:31 Hand Cart
27:57 Forging
27:36 Town Watch
27:40 Loom
30:29 Imperial Age
28:27 Squires
28:36 Anarchy
28:26 Pikeman
29:13 Scale Mail Armor
30:31 Chain Mail Armor
31:06 Iron Casting
30:54 Elite Huskarl
32:11 Perfusion
32:32 Conscription
34:28 Blast Furnace
33:41 Fletching
33:52 Padded Archer Armor
33:45 Stone Mining
33:19 Elite Skirmisher
35:24 Ballistics
36:05 Chemistry
36:26 Bodkin Arrow
36:46 Leather Archer Armor
37:02 Bracer
37:33 Treadmill Crane
37:59 Scale Barding Armor
37:32 Cavalier
38:51 Stone Shaft Mining
38:22 Husbandry
37:47 Light Cavalry
39:09 Bloodlines
38:20 Hussar
39:37 Chain Barding Armor
39:30 Masonry
39:23 Town Patrol
41:46 Ring Archer Armor
42:12 Crop Rotation
42:44 Two-Man Saw
42:27 Caravan
50:45 Architecture
52:42 Onager
Dark Gundam
8:35 Loom
9:31 Loom
11:51 Feudal Age
16:01 Castle Age
14:09 Fishing Lines
14:26 Double-Bit Axe
14:43 Gold Mining
14:57 Horse Collar
18:11 Gillnets
19:23 Stone Mining
25:01 Wheelbarrow
29:34 Imperial Age
28:33 Stone Shaft Mining
28:31 Scale Barding Armor
29:10 Forging
29:00 Town Watch
29:30 Hand Cart
30:13 Bloodlines
30:03 Husbandry
29:47 Elite Jarl
30:48 Conscription
31:15 Heavy Plow
34:27 Chain Barding Armor
35:01 Iron Casting
35:06 Caravan
36:06 Plate Barding Armor
37:37 Crop Rotation
38:12 Blast Furnace
40:03 Fletching
43:03 Onager
51:34 Coinage
51:00 Capped Ram
52:43 Siege Ram
De_Aztek
0:56 Loom
11:30 Feudal Age
12:05 Double-Bit Axe
16:27 Castle Age
18:15 Wheelbarrow
26:51 Imperial Age
26:14 Scale Mail Armor
26:50 Bow Saw
26:38 Gold Mining
26:40 Town Watch
28:32 Chemistry
31:48 Masonry
43:03 Conscription
49:18 Squires
48:38 Pikeman
RICH FARMER
7:05 Loom
10:06 Feudal Age
10:33 Double-Bit Axe
10:31 Horse Collar
13:56 Wheelbarrow
16:52 Castle Age
16:25 Gold Mining
18:14 Heavy Plow
18:30 Bow Saw
21:04 Fletching
25:41 Gold Shaft Mining
25:35 Bodkin Arrow
27:59 Hand Cart
27:32 Town Watch
28:35 Stone Mining
31:21 Thumb Ring
34:00 Imperial Age
32:46 Padded Archer Armor
33:13 Bloodlines
33:03 Husbandry
35:13 Parthian Tactics
34:51 Bracer
35:08 Leather Archer Armor
35:15 Ballistics
35:56 Chemistry
35:17 Leather Archer Armor
40:26 Scale Barding Armor
40:41 Forging
40:56 Heavy Hei Guang Cavalry
41:59 Chain Barding Armor
42:23 Iron Casting
44:23 Blast Furnace
45:05 Ming Guang Armor
45:05 Conscription
46:27 Tuntian
46:46 Caravan
乌兰巴托
0:48 Loom
12:27 Feudal Age
16:50 Castle Age
30:43 Double-Bit Axe
32:21 Wheelbarrow
32:17 Horse Collar
33:39 Hand Cart
54:31 Imperial Age
55:17 Heavy Scorpion
56:40 Siege Engineers
57:35 Chemistry
57:15 Ballistics
Connection lost

Rejoining the realm…

Still unreachable

The connection could not be restored.

Session expired

The server has moved on; the page needs a fresh start.